 Dungeon Crawl Stone Soup version 0.28.0-56-g4927b6849a (webtiles) character file.

Game seed: 16165533383607792318

64 tkbsonic5 the Skirmisher (level 4, -1/41 HPs)
             Began as a Hill Orc Monk on Jan 20, 2023.
             Was a Priest of the Shining One.
             Slain by a gnoll
             ... wielding a +0 spear
              (6 damage)
             ... on level 2 of the Dungeon.
             The game lasted 00:07:02 (1724 turns).

tkbsonic5 the Skirmisher (Hill Orc Monk)            Turns: 1724, Time: 00:07:03

Health: -1/41      AC:  3    Str: 15    XL:     4   Next: 12%
Magic:  2/5        EV: 12    Int: 10    God:    the Shining One [***...]
Gold:   60         SH:  6    Dex: 13    Spells: 3/3 levels left

rFire   . . .      SeeInvis .     - Unarmed
rCold   . . .      Faith    .   (no shield)
rNeg    + . .      Spirit   .   f - +0 leather armour
rPois   .          Reflect  .   (no helmet)
rElec   .          Harm     .   (no cloak)
rCorr   .          Rampage  .   (no gloves)
Will    .....                   (no boots)
Stlth   +.........              (no amulet)
HPRegen 0.13/turn               b - ring of flight
MPRegen 0.09/turn               (no ring)

@: mighty, divinely shielded, flying, glowing
A: no striking features
a: Renounce Religion, Divine Shield, Cleansing Flame


You were on level 2 of the Dungeon.
You worshipped the Shining One.
The Shining One was most pleased with you.
You visited 1 branch of the dungeon, and saw 2 of its levels.

You collected 60 gold pieces.

Inventory:

Armour
 a - a +0 robe
 f - a +0 leather armour (worn)
Jewellery
 b - a ring of flight (left hand)
Scrolls
 d - a scroll of holy word
Potions
 e - a potion of attraction


   Skills:
 * Level 4.7 Fighting
 + Level 0.7 Armour
 - Level 2.4 Dodging
 - Level 1.5 Stealth
 * Level 4.1 Unarmed Combat
 * Level 1.6 Invocations


You had 3 spell levels left.
You didn't know any spells.
Your spell library was empty.

Dungeon Overview and Level Annotations

Branches:
Dungeon (2/15)

Altars:
The Shining One


Message History

No target in view!
You now have 60 gold pieces (gained 11).
Found a stone staircase leading down.
Found a stone staircase leading down.
Found a dagger.
A gnoll comes into view. It is wielding a +0 whip.
A gnoll comes into view. It is wielding a +0 halberd.
The gnoll shouts!
A gnoll comes into view. It is wielding a +0 spear.
A gnoll comes into view. It is wielding a +0 flail.
The gnoll shouts!
The gnoll barely misses you.
You hit the gnoll.
The gnoll is heavily wounded.
The gnoll hits you with a +0 whip.
You aren't carrying any items that you can evoke.
Okay, then.
As you read the scroll of identify, it crumbles to dust.
g - a potion of might The gnoll hits you with a +0 whip.
You feel very mighty all of a sudden. The gnoll hits you with a +0 whip!
The gnoll barely misses you. The gnoll closely misses you.
You punch the gnoll!
You kill the gnoll!
The gnoll hits you from afar with a +0 halberd!
The gnoll barely misses you.
You have reached level 4!
Okay, then.
As you read the scroll of identify, it crumbles to dust.
e - a potion of attraction
As you read the scroll labelled TYEDUO HINATHAC, it crumbles to dust.
You feel aware of your surroundings.
It was a scroll of magic mapping.
The gnoll hits you with a +0 flail!
* * * LOW HITPOINT WARNING * * *
The gnoll hits you from afar with a +0 spear.
* * * LOW HITPOINT WARNING * * *
A divine shield forms around you! You block the gnoll's attack.
The gnoll hits you from afar with a +0 spear.
You die...

##..####.#,*##.....,,* ##.*
##.......#*.#......,** #..*
#...######*#......#** #>#* #...#
#.##.#.# #.#
#...########.##.#.#### ##.##
#......^..##.#.......##### ##.#.#
#...#####.##.#.##.##...>.###.###.
..........##.#.##.##.....##.## ##
..........)..ggg@........#.## #
..........####.#####.....##.## ##
#..)......####..)............###.
#...#######....#######.####.#.#.#
#...# ###....#######.####.##..#
#...# #...........##.##.......#
#...#####.##..#.###.##.##.#.#####
#.........##........##......#
#.####.##.##.....##.##......#


You could see 3 gnolls.

Vanquished Creatures
  A gnoll (D:2)
  2 bats
  4 endoplasms
  2 giant cockroaches (D:1)
  4 hobgoblins (D:1)
  10 jackals (D:1)
  3 quokkas (D:1)
  A ball python (D:2)
  4 frilled lizards
  4 goblins
  7 kobolds
  7 rats
49 creatures vanquished.

Notes
Turn   | Place    | Note
-------+----------+-------------------------------------------
     0 | D:1      | tkbsonic5 the Hill Orc Monk began the quest for the Orb.
     0 | D:1      | Reached XP level 1. HP: 19/19 MP: 1/1
   181 | D:1      | Reached XP level 2. HP: 20/27 MP: 2/2
   326 | D:1      | Found a faded altar of an unknown god.
   354 | D:1      | Prayed at the altar of an unknown god.
   354 | D:1      | Became a worshipper of the Shining One
   354 | D:1      | Reached * piety under the Shining One
   354 | D:1      | Reached ** piety under the Shining One
   611 | D:1      | Reached XP level 3. HP: 18/33 MP: 3/3
   790 | D:1      | Reached skill level 1 in Invocations
  1441 | D:2      | Reached *** piety under the Shining One
  1717 | D:2      | Reached XP level 4. HP: 15/41 MP: 5/5
  1724 | D:2      | Slain by a gnoll

Illustrated notes

Levels and vault maps discovered:
D:1:      erik_arrival_triangle_medium, layout_basic,
          dreamdust_ecumenical_altar_statues
D:2:      layout_loops_cross

Skill      XL: |  1  2  3 |
---------------+----------+-----
Fighting       | 4 |  4.7
Invocations    | 1 |  1.6
Unarmed Combat | 4 |  4.1
Armour         | |  0.7
Dodging        | |  2.4
Stealth        | |  1.5

Action                   |  1- 3 |  4- 6 || total
-------------------------+-------+-------++-------
Melee: Unarmed           |   122 |       ||   122
       Punch             |     2 |       ||     2
Invok: Divine Shield     |       |     1 ||     1
  Use: Scroll            |     3 |     2 ||     5
       Potion            |     1 |       ||     1
Armor: Robe              |    20 |       ||    20
       Leather armour    |     2 |       ||     2
Dodge: Dodged            |    88 |       ||    88
Block: Other             |       |     1 ||     1
